 Dungeon Crawl Stone Soup version 0.20.0-15-g7f486f2 (webtiles) character file.

270 greprep the Shooter (level 6, -2/52 HPs)
             Began as a Minotaur Hunter on June 23, 2017.
             Slain by an orc warrior
             ... wielding a +0 trident
              (18 damage)
             ... on level 2 of the Dungeon.
             The game lasted 00:05:33 (2228 turns).

greprep the Shooter (Minotaur Hunter)               Turns: 2228, Time: 00:05:34

Health: -2/52      AC:  3    Str: 17    XL:     6   Next: 1%
Magic:  5/5        EV: 12    Int:  8    God:
Gold:   129        SH:  0    Dex: 12    Spells: 5/5 levels left

rFire    . . .     SeeInvis .   a - +1 shortbow
rCold    . . .     Gourm    .   (shield currently unavailable)
rNeg     . . .     Faith    .   c - +0 leather armour
rPois    .         Spirit   .   (helmet restricted)
rElec    .         Reflect  .   (no cloak)
rCorr    .         Harm     .   (no gloves)
MR       .....                  (no boots)
Stlth    +.........             (no amulet)
Regen    0.2/turn               (no ring)
MPRegen  0.1/turn               (no ring)

@: no status effects
A: retaliatory headbutt, horns 2
a: no special abilities


You were on level 2 of the Dungeon.
You were hungry.

You visited 1 branch of the dungeon, and saw 2 of its levels.

You collected 129 gold pieces.

Inventory:

Hand Weapons
 a - a +1 shortbow (weapon)
 b - a +1 dagger of speed
Missiles
 d - 23 arrows (quivered)
Armour
 c - a +0 leather armour (worn)
Scrolls
 e - 2 scrolls of fear {unknown}
 h - 3 scrolls of identify {unknown}
 i - a scroll of magic mapping {unknown}
 m - a scroll of remove curse {unknown}
Potions
 j - a potion of curing {unknown}
 k - 2 potions of heal wounds
Comestibles
 f - a bread ration
 g - a royal jelly
 l - 2 meat rations


   Skills:
 + Level 3.8 Fighting
 + Level 6.8 Bows
 + Level 2.6 Armour
 + Level 2.5 Dodging
 - Level 0.8 Stealth


You had 5 spell levels left.
You didn't know any spells.

Dungeon Overview and Level Annotations

Branches:
Dungeon (2/15)

Altars:
Fedhas
Nemelex Xobeh
Trog


Innate Abilities, Weirdness & Mutations

You reflexively headbutt those who attack you in melee.
You have a pair of horns on your head.


Message History

The orc warrior is heavily wounded.
The orc warrior hits you from afar with a trident!
You are too injured to fight recklessly!
You are too injured to fight recklessly!
You are too injured to fight recklessly!
You are too injured to fight recklessly!
You don't know any spells.
Firing (i - inventory):
d - 25 arrows (quivered)
Press: ? - help, Shift-Dir - straight line, f/p - orc warrior
Aim: an orc warrior, wielding a trident and wearing a plate armour (heavily wounded)
You shoot an arrow. The arrow hits the orc warrior.
The orc warrior is severely wounded.
The orc warrior hits you from afar with a trident!
Firing (i - inventory):
d - 24 arrows (quivered)
Press: ? - help, Shift-Dir - straight line, f/p - orc warrior
Aim: an orc warrior, wielding a trident and wearing a plate armour (severely wounded)
You shoot an arrow.
The arrow completely misses the orc warrior.
The orc warrior hits you from afar with a trident!!
You die...

#.# .. ... ##.##... #.# #.....
#. #.# # # ###..#### #.##.# ###
#.#(......# ##.##.###..
#####.#.#..##.# ..##.'....
........#..##.# #.##.###..
......#[#..##.###### #.##.#####
.###...(.(.((>o)@..##
#........#
#...((.(.##.####.##.##..###.#.#
......#<##.##.#
#.##............
......(.##.##.#
##.#####..#######
.##.###.##.##{# #.........# #.
#.##.##.###..##....## #
#............#...#.#
############..###..# #..# #..##


You could see an orc warrior.

Vanquished Creatures
  Sigmund (D:2)
  An orc priest (D:2)
  Terence (D:2)
  A gnoll (D:2)
  An ooze (D:1)
  A worm (D:2)
  A leopard gecko (D:1)
  An orc (D:2)
  2 ball pythons
  6 bats
  2 giant cockroaches (D:2)
  7 hobgoblins
  A jackal (D:2)
  3 kobolds (D:1)
  A quokka (D:2)
  2 frilled lizards
  3 goblins
  3 rats (D:1)
38 creatures vanquished.

Notes
Turn   | Place    | Note
-------+----------+-------------------------------------------
     0 | D:1      | greprep the Minotaur Hunter began the quest for the Orb.
     0 | D:1      | Reached XP level 1. HP: 18/18 MP: 0/0
     3 | D:1      | Noticed an electric eel
     3 | D:1      | Noticed an electric eel
   201 | D:1      | Reached XP level 2. HP: 25/25 MP: 1/1
   213 | D:1      | Reached skill level 5 in Bows
   508 | D:2      | Noticed Terence
   560 | D:2      | Killed Terence
   560 | D:2      | Reached XP level 3. HP: 9/30 MP: 2/2
   604 | D:2      | Noticed Sigmund
   927 | D:2      | HP: 1/30 [Sigmund/magic dart (3)]
  1436 | D:2      | Reached XP level 4. HP: 20/37 MP: 3/3
  1954 | D:2      | Found a bloodstained altar of Trog.
  1961 | D:2      | Found a blossoming altar of Fedhas.
  1964 | D:2      | Found a sparkling altar of Nemelex Xobeh.
  2008 | D:2      | Killed Sigmund
  2008 | D:2      | Reached skill level 6 in Bows
  2008 | D:2      | Reached XP level 5. HP: 45/45 MP: 4/4
  2216 | D:2      | Noticed an orc warrior
  2220 | D:2      | Reached XP level 6. HP: 37/52 MP: 5/5
  2228 | D:2      | Slain by an orc warrior

Skill      XL: |  1  2  3  4 |
---------------+-------------+-----
Bows           | 5 6 |  6.8
Fighting       | 3 |  3.8
Armour         | 2 |  2.6
Dodging        | |  2.5
Stealth        | |  0.8

Action                   |  1- 3 |  4- 6 || total
-------------------------+-------+-------++-------
Melee: Dagger            |    23 |       ||    23
       Headbutt          |     4 |       ||     4
 Fire: Shortbow          |    88 |    31 ||   119
  Use: Potion            |     1 |       ||     1
  Eat: Chunk             |     1 |     2 ||     3
Armor: Leather armour    |     8 |     1 ||     9
Dodge: Dodged            |    27 |     5 ||    32
